[ AOE2 MATCH · #472364638 ]
UnrankedMagyars vs Berbers
Player's team · LOSS
Rival team · WIN
[ REPLAY ANALYSIS · EXTRACTED FROM THE RECORDED GAME ]
Feudal
8:57
Castle
22:31
Imperial
—
| APM avg | 67.6 |
| APM peak | 134 |
| eAPM avg | 30.8 |
| Villagers / military | 140 / 126 |
Focus
⚔️ 38.7% · 🌾 61.3%
Knight ×64 · Skirmisher ×26 · Scorpion ×10 · Archer ×7 · Monk ×5 · Spearman ×5
Feudal
8:58
Castle
26:50
Imperial
—
| APM avg | 53.6 |
| APM peak | 88 |
| eAPM avg | 23.1 |
| Villagers / military | 129 / 178 |
Focus
⚔️ 48.3% · 🌾 51.7%
Cavalry Archer ×97 · Scout Cavalry ×54 · Skirmisher ×20 · Battering Ram ×4 · Mangonel ×3
Match map
Initial resources + every placement click. Lines = walls · curves = elevation contours. ◆ gold · ⬟ stone · ● berries · ✦ relic · ◌ wall gap
Inputs per minute
— Fs.guischmitt - - Nasup
Build order — Fs.guischmitt
First 150 of 410 actions detected
| 0:01 | Create | Villager (Male) ×4 |
| 0:02 | Build | House |
| 0:03 | Build | House |
| 1:24 | Create | Villager (Male) |
| 1:24 | Create | Villager (Male) |
| 1:46 | Build | Lumber Camp |
| 1:57 | Create | Villager (Male) |
| 2:25 | Create | Villager (Male) |
| 2:43 | Create | Villager (Male) |
| 2:56 | Create | Villager (Male) |
| 2:56 | Create | Villager (Male) |
| 3:27 | Create | Villager (Male) |
| 3:44 | Create | Villager (Male) |
| 3:44 | Create | Villager (Male) |
| 3:49 | Build | House |
| 3:57 | Create | Villager (Male) |
| 4:58 | Create | Villager (Male) |
| 5:06 | Create | Villager (Male) |
| 5:10 | Create | Villager (Male) |
| 5:14 | Build | Barracks |
| 5:42 | Build | House |
| 5:46 | Create | Villager (Male) |
| 5:48 | Create | Villager (Male) |
| 6:14 | Research | Loom |
| 6:16 | Create | Villager (Male) |
| 6:47 | Research | Feudal Age |
| 7:03 | Build | Mining Camp |
| 7:10 | Create | Militia |
| 7:10 | Create | Militia |
| 7:35 | Create | Militia |
| 7:57 | Build | Mill |
| 7:58 | Create | Militia |
| 8:08 | Build | House |
| 8:18 | Create | Villager (Male) |
| 8:57 | Age | Feudal Age |
| 9:06 | Research | Man-at-Arms (upgrade) |
| 9:21 | Build | Farm |
| 9:23 | Build | Farm |
| 9:24 | Create | Villager (Male) |
| 9:48 | Create | Villager (Male) |
| 9:52 | Create | Villager (Male) |
| 10:20 | Create | Villager (Male) |
| 10:35 | Create | Villager (Male) |
| 10:38 | Create | Villager (Male) |
| 11:02 | Build | Farm |
| 11:04 | Build | Archery Range |
| 11:16 | Build | Palisade Wall |
| 11:19 | Create | Spearman |
| 11:30 | Create | Villager (Male) |
| 11:39 | Research | Double-Bit Axe |
| 11:52 | Build | Palisade Wall |
| 11:56 | Create | Villager (Male) |
| 12:08 | Create | Archer |
| 12:10 | Build | House |
| 12:13 | Build | House |
| 12:18 | Research | Town Watch |
| 12:29 | Build | Farm |
| 12:33 | Build | House |
| 12:35 | Build | Palisade Wall |
| 12:49 | Create | Villager (Male) |
| 12:54 | Build | House |
| 12:55 | Create | Spearman |
| 12:57 | Create | Archer |
| 13:32 | Build | House |
| 13:33 | Build | Palisade Wall |
| 13:38 | Create | Archer |
| 13:41 | Build | House |
| 13:42 | Build | Palisade Wall |
| 13:48 | Build | Palisade Wall |
| 13:53 | Create | Villager (Male) |
| 14:05 | Create | Archer |
| 14:28 | Build | Palisade Wall |
| 14:29 | Build | Palisade Wall |
| 14:31 | Build | Palisade Wall |
| 14:32 | Build | Palisade Wall |
| 14:39 | Create | Villager (Male) |
| 14:52 | Create | Villager (Male) |
| 14:55 | Build | Farm |
| 14:59 | Build | Farm |
| 15:02 | Build | Farm |
| 15:20 | Build | House |
| 15:26 | Build | House |
| 15:27 | Create | Archer |
| 15:28 | Create | Archer |
| 15:36 | Build | House |
| 15:39 | Create | Villager (Male) |
| 15:40 | Create | Villager (Male) |
| 15:43 | Build | Farm |
| 15:52 | Build | House |
| 15:54 | Build | Palisade Wall |
| 16:05 | Build | Farm |
| 16:06 | Create | Villager (Male) |
| 16:17 | Build | Farm |
| 16:27 | Create | Spearman |
| 16:36 | Build | Lumber Camp |
| 16:41 | Build | House |
| 16:48 | Create | Villager (Male) |
| 16:59 | Build | Palisade Wall |
| 17:03 | Create | Villager (Male) |
| 17:08 | Build | Farm |
| 17:12 | Build | Farm |
| 17:38 | Create | Villager (Male) |
| 17:39 | Build | Farm |
| 17:45 | Build | Farm |
| 17:48 | Build | Farm |
| 18:01 | Create | Archer |
| 18:07 | Create | Spearman |
| 18:07 | Create | Spearman |
| 18:36 | Build | Stable |
| 18:47 | Create | Villager (Male) |
| 18:57 | Build | House |
| 19:01 | Build | House |
| 19:05 | Build | Palisade Wall |
| 19:12 | Create | Villager (Male) |
| 19:33 | Create | Scout Cavalry |
| 19:33 | Create | Scout Cavalry |
| 19:51 | Research | Castle Age |
| 20:03 | Build | Farm |
| 20:30 | Create | Scout Cavalry |
| 20:31 | Create | Scout Cavalry |
| 20:38 | Build | Blacksmith |
| 20:52 | Build | Palisade Wall |
| 20:58 | Build | Farm |
| 21:22 | Create | Villager (Male) |
| 21:28 | Build | Farm |
| 21:30 | Build | Farm |
| 21:31 | Build | Farm |
| 21:46 | Create | Scout Cavalry |
| 22:21 | Research | Scale Barding Armor |
| 22:28 | Build | Farm |
| 22:31 | Age | Castle Age |
| 22:34 | Build | Town Center |
| 22:34 | Create | Knight |
| 22:35 | Create | Knight |
| 22:43 | Build | House |
| 23:27 | Create | Knight |
| 23:34 | Create | Knight |
| 23:35 | Build | House |
| 23:36 | Create | Villager (Male) |
| 23:36 | Create | Villager (Male) |
| 23:39 | Build | Farm |
| 23:39 | Build | Farm |
| 23:39 | Build | Farm |
| 23:39 | Build | Farm |
| 23:39 | Build | Farm |
| 23:41 | Create | Villager (Male) |
| 24:09 | Build | Farm |
| 24:09 | Create | Villager (Male) |
| 24:16 | Build | Monastery |
| 24:33 | Create | Villager (Male) |
Build order — Nasup
First 150 of 437 actions detected
| 0:01 | Create | Villager (Male) |
| 0:01 | Create | Villager (Male) |
| 0:02 | Create | Villager (Male) |
| 0:02 | Create | Villager (Male) |
| 0:03 | Build | House |
| 0:04 | Build | House |
| 1:29 | Create | Villager (Male) |
| 1:54 | Build | Lumber Camp |
| 2:09 | Create | Villager (Male) |
| 2:09 | Create | Villager (Male) |
| 2:18 | Create | Villager (Male) |
| 2:18 | Create | Villager (Male) |
| 2:49 | Create | Villager (Male) |
| 2:49 | Create | Villager (Male) |
| 2:49 | Create | Villager (Male) |
| 3:07 | Create | Villager (Male) |
| 3:08 | Create | Villager (Male) |
| 3:43 | Create | Villager (Male) |
| 3:43 | Create | Villager (Male) |
| 3:43 | Create | Villager (Male) |
| 3:43 | Create | Villager (Male) |
| 3:52 | Build | House |
| 4:30 | Create | Villager (Male) |
| 4:30 | Create | Villager (Male) |
| 4:33 | Create | Villager (Male) |
| 4:34 | Create | Villager (Male) |
| 5:02 | Create | Villager (Male) |
| 5:02 | Create | Villager (Male) |
| 5:21 | Create | Villager (Male) |
| 5:21 | Create | Villager (Male) |
| 5:56 | Build | Barracks |
| 6:07 | Research | Loom |
| 6:48 | Research | Feudal Age |
| 6:53 | Build | House |
| 7:25 | Build | House |
| 8:03 | Build | Palisade Wall |
| 8:58 | Age | Feudal Age |
| 9:05 | Build | Stable |
| 9:06 | Create | Villager (Male) |
| 9:14 | Create | Villager (Male) |
| 9:23 | Build | Palisade Wall |
| 9:24 | Build | Palisade Wall |
| 9:29 | Build | Palisade Wall |
| 9:39 | Create | Villager (Male) |
| 9:42 | Build | Mill |
| 9:47 | Build | House |
| 9:59 | Create | Scout Cavalry |
| 9:59 | Create | Villager (Male) |
| 10:20 | Build | Palisade Wall |
| 10:28 | Build | Palisade Wall |
| 10:33 | Create | Villager (Male) |
| 10:47 | Create | Villager (Male) |
| 10:50 | Build | Farm |
| 10:51 | Build | Farm |
| 10:52 | Build | Farm |
| 11:09 | Build | Farm |
| 11:18 | Build | Farm |
| 11:26 | Create | Scout Cavalry |
| 11:44 | Build | Palisade Wall |
| 11:49 | Create | Villager (Male) |
| 11:54 | Create | Scout Cavalry |
| 12:08 | Build | Farm |
| 12:10 | Create | Villager (Male) |
| 12:21 | Build | Palisade Wall |
| 12:25 | Create | Villager (Male) |
| 12:34 | Create | Scout Cavalry |
| 12:51 | Create | Villager (Male) |
| 13:08 | Create | Scout Cavalry |
| 13:14 | Build | House |
| 13:31 | Create | Villager (Male) |
| 13:34 | Build | Archery Range |
| 13:39 | Create | Villager (Male) |
| 13:46 | Create | Scout Cavalry |
| 13:50 | Build | House |
| 13:57 | Create | Villager (Male) |
| 14:26 | Create | Skirmisher |
| 14:30 | Build | Blacksmith |
| 14:48 | Create | Skirmisher |
| 14:49 | Create | Villager (Male) |
| 14:57 | Build | Farm |
| 14:58 | Create | Villager (Male) |
| 14:59 | Create | Scout Cavalry |
| 15:21 | Build | House |
| 15:22 | Create | Skirmisher |
| 15:31 | Create | Skirmisher |
| 15:38 | Research | Fletching |
| 15:39 | Research | Fletching |
| 15:43 | Build | Farm |
| 15:52 | Create | Villager (Male) |
| 15:55 | Build | Farm |
| 16:00 | Build | House |
| 16:05 | Create | Villager (Male) |
| 16:08 | Create | Skirmisher |
| 16:32 | Create | Skirmisher |
| 16:35 | Build | Farm |
| 16:35 | Create | Villager (Male) |
| 16:39 | Build | House |
| 16:49 | Build | Farm |
| 16:50 | Create | Villager (Male) |
| 16:52 | Create | Skirmisher |
| 17:02 | Create | Skirmisher |
| 17:03 | Build | House |
| 17:10 | Build | Palisade Gate |
| 17:32 | Create | Skirmisher |
| 17:33 | Create | Scout Cavalry |
| 17:40 | Build | Farm |
| 17:40 | Create | Villager (Male) |
| 17:40 | Create | Villager (Male) |
| 17:42 | Build | Farm |
| 18:05 | Create | Villager (Male) |
| 18:08 | Build | House |
| 18:20 | Build | House |
| 18:29 | Create | Skirmisher |
| 18:30 | Create | Villager (Male) |
| 18:33 | Create | Skirmisher |
| 18:46 | Build | House |
| 18:49 | Build | House |
| 19:00 | Build | Lumber Camp |
| 19:16 | Create | Skirmisher |
| 19:16 | Create | Skirmisher |
| 19:16 | Create | Skirmisher |
| 19:17 | Create | Villager (Male) |
| 19:17 | Create | Villager (Male) |
| 19:17 | Create | Villager (Male) |
| 19:28 | Create | Villager (Male) |
| 19:47 | Create | Villager (Male) |
| 20:11 | Create | Villager (Male) |
| 20:21 | Build | House |
| 20:23 | Build | Palisade Wall |
| 20:44 | Build | Mining Camp |
| 20:52 | Build | Farm |
| 21:16 | Build | House |
| 21:36 | Build | Farm |
| 21:40 | Research | Double-Bit Axe |
| 21:40 | Research | Horse Collar |
| 21:41 | Create | Villager (Male) |
| 21:44 | Create | Skirmisher |
| 21:45 | Create | Skirmisher |
| 22:21 | Create | Villager (Male) |
| 22:24 | Build | Farm |
| 22:26 | Build | Farm |
| 22:28 | Build | Farm |
| 22:30 | Build | Farm |
| 22:32 | Build | House |
| 22:37 | Create | Villager (Male) |
| 22:40 | Build | Farm |
| 22:43 | Build | Farm |
| 24:10 | Research | Castle Age |
| 24:10 | Research | Castle Age |
| 24:23 | Build | Archery Range |
Match timeline
| 5:14 | Fs.guischmitt · first_building Barracks |
| 5:56 | Nasup · first_building Barracks |
| 8:03 | Nasup · wall_segment Palisade Wall x7 |
| 8:57 | Fs.guischmitt · age_up feudal |
| 8:58 | Nasup · age_up feudal |
| 9:05 | Nasup · first_building Stable |
| 9:23 | Nasup · wall_segment Palisade Wall x2 |
| 9:24 | Nasup · wall_segment Palisade Wall x1 |
| 9:29 | Nasup · wall_segment Palisade Wall x5 |
| 10:20 | Nasup · wall_segment Palisade Wall x3 |
| 10:28 | Nasup · wall_segment Palisade Wall x4 |
| 11:04 | Fs.guischmitt · first_building Archery Range |
| 11:16 | Fs.guischmitt · wall_segment Palisade Wall x7 |
| 11:44 | Nasup · wall_segment Palisade Wall x1 |
| 11:52 | Fs.guischmitt · wall_segment Palisade Wall x8 |
| 12:21 | Nasup · wall_segment Palisade Wall x6 |
| 12:35 | Fs.guischmitt · wall_segment Palisade Wall x5 |
| 13:33 | Fs.guischmitt · wall_segment Palisade Wall x5 |
| 13:34 | Nasup · first_building Archery Range |
| 13:42 | Fs.guischmitt · wall_segment Palisade Wall x3 |
| 13:48 | Fs.guischmitt · wall_segment Palisade Wall x14 |
| 14:28 | Fs.guischmitt · wall_segment Palisade Wall x1 |
| 14:29 | Fs.guischmitt · wall_segment Palisade Wall x1 |
| 14:31 | Fs.guischmitt · wall_segment Palisade Wall x1 |
| 14:32 | Fs.guischmitt · wall_segment Palisade Wall x1 |
| 15:54 | Fs.guischmitt · wall_segment Palisade Wall x7 |
| 16:59 | Fs.guischmitt · wall_segment Palisade Wall x1 |
| 18:36 | Fs.guischmitt · first_building Stable |
| 19:05 | Fs.guischmitt · wall_segment Palisade Wall x1 |
| 20:23 | Nasup · wall_segment Palisade Wall x7 |
| 20:52 | Fs.guischmitt · wall_segment Palisade Wall x1 |
| 22:31 | Fs.guischmitt · age_up castle |
| 24:16 | Fs.guischmitt · first_building Monastery |
| 25:22 | Nasup · wall_segment Palisade Wall x1 |
| 26:50 | Nasup · age_up castle |
| 26:50 | Nasup · wall_segment Palisade Wall x1 |
| 26:52 | Nasup · wall_segment Palisade Wall x1 |
| 27:12 | Nasup · first_market_sell 100 wood |
| 29:26 | Nasup · wall_segment Palisade Wall x1 |
| 31:54 | Fs.guischmitt · first_building Siege Workshop |
| 33:31 | Nasup · first_building Siege Workshop |
| 44:18 | Fs.guischmitt · first_building Castle |
| 46:33 | Fs.guischmitt · resign |
[ AI ANALYSIS · 1 CREDIT ]
What really happened in this match?
Wolo.gg analyzes every decision: build order, eco, micro, common mistakes by bracket. Personalized analysis on WhatsApp or Discord in 30 seconds.
Civ guide
Magyars
Perfil
Jugador #6008539